Map: Coda LE

Players

ViRuS - Winner!

  • Race: Protoss Protoss
  • Spawn Location: 5:00

Gracz

  • Race: Terran Terran
  • Spawn Location: 11:00

VOD

Have the link to the VOD?

Description

Time

  • Played on: April 27, 2016, 11:06 a.m.
  • Length: 27:03
Show
View Real Time Build Order
Export as new Build Order

ViRuS Protoss - Winner!

Build Orders:  

Get SALT Encoding   

  12  0:10  Pylon  
  12  0:16  Probe (Chrono Boost)  
  13  0:26  Probe (Chrono Boost)  
  14  0:35  Forge  
  14  0:38  Probe (Chrono Boost)  
  15  0:48  Probe (Chrono Boost)  
  16  0:58  Pylon  
  16  0:59  Probe (Chrono Boost)  
  17  1:20  Photon Cannon  
  17  1:27  Gateway  
  17  1:57  Probe (Chrono Boost)  
  17  1:59  Nexus  
  18  2:06  Photon Cannon  
  18  2:08  Probe (Chrono Boost)  
  19  2:38  Probe (Chrono Boost)  
  19  2:42  Photon Cannon  
  20  2:47  Pylon  
  20  2:49  Probe (Chrono Boost)  
  21  2:54  Assimilator  
  20  3:07  Cybernetics Core  
  20  3:10  Gateway x2  
  20  3:15  Gateway  
  20  3:26  Probe x2 (Chrono Boost)  
  22  3:33  Zealot  
  24  3:37  Probe x2 (Chrono Boost)  
  26  3:44  Warp Gate (Chrono Boost)  
  26  3:47  Probe  
  27  3:58  Photon Cannon  
  27  4:06  Probe  
  27  4:08  Probe  
  29  4:17  Assimilator  
  29  4:18  Probe  
  29  4:20  Probe  
  31  4:28  Probe  
  32  4:32  Robotics Facility, Probe  
  32  4:35  Pylon  
  33  4:39  Probe  
  33  4:40  Stalker  
  33  4:44  Probe  
  37  4:48  Zealot  
  37  4:49  Probe, Zealot  
  42  4:53  Stalker  
  42  4:57  Probe  
  45  5:00  Probe  
  46  5:09  Probe  
  46  5:10  Mothership Core  
  49  5:23  Warp Prism (Chrono Boost)  
  51  5:55  Observer (Chrono Boost)  
  52  6:07  Stalker x3  
  56  6:14  Observer (Chrono Boost)  
  53  6:20  Assimilator  
  53  6:24  Assimilator  
  53  6:55  Gateway  
  53  6:58  Gateway, Zealot x4  
  53  7:00  Gateway  
  61  7:26  Zealot  
  61  7:42  Pylon  
  57  7:44  Pylon  
  57  7:46  Pylon  
  53  7:52  Pylon  
  53  7:56  Pylon  
  51  7:59  Pylon  
  51  8:08  Twilight Council  
  51  8:26  Immortal (Chrono Boost)  
  54  8:34  Protoss Ground Weapons Level 1  
  54  8:43  Zealot x3  
  54  8:44  Zealot  
  54  8:48  Zealot x2  
  64  8:49  Zealot  
  66  9:00  Immortal (Chrono Boost)  
  66  9:09  Zealot x5  
  74  9:14  Zealot x2  
  76  9:21  Probe  
  76  9:24  Probe  
  68  9:32  Probe  
  68  9:36  Probe  
  68  9:37  Forge  
  66  9:42  Probe  
  63  9:46  Charge (Chrono Boost)  
  63  9:48  Probe  
  64  9:55  Nexus  
  64  10:04  Pylon  
  64  10:07  Pylon  
  64  10:10  Pylon  
  64  10:22  Pylon  
  64  10:32  Dark Shrine  
  64  10:34  Warp Prism  
  66  10:43  Robotics Bay  
  66  10:44  Pylon  
  66  10:55  Zealot x3  
  66  10:56  Zealot x2  
  76  11:02  Zealot x2  
  80  11:06  Pylon  
  80  11:10  Observer  
  81  11:25  Zealot x3  
  77  11:26  Pylon  
  77  11:29  Zealot x3  
  77  11:30  Zealot  
  77  11:32  Observer  
  72  11:34  Extended Thermal Lance (Chrono Boost)  
  72  11:37  Pylon  
  66  11:47  Robotics Facility, Protoss Ground Weapons Level 2  
  66  11:49  Protoss Shields Level 1  
  66  11:53  Observer  
  67  11:56  Probe x2  
  67  11:57  Probe  
  70  12:07  Pylon, Probe x2  
  70  12:10  Probe  
  70  12:15  Observer  
  74  12:18  Photon Cannon  
  74  12:20  Photon Cannon  
  74  12:22  Probe, Photon Cannon  
  75  12:24  Photon Cannon  
  75  12:26  Photon Cannon  
  75  12:28  Photon Cannon  
  75  12:30  Photon Cannon  
  75  12:31  Photon Cannon, Blink (Chrono Boost)  
  75  12:33  Photon Cannon  
  75  12:34  Photon Cannon  
  75  12:37  Photon Cannon  
  75  12:38  Colossus  
  75  12:39  Photon Cannon  
  75  12:43  Photon Cannon  
  81  12:47  Zealot x4  
  89  13:24  Pylon  
  89  13:27  Pylon  
  89  13:28  Pylon  
  89  13:30  Pylon  
  89  13:32  Pylon  
  89  13:35  Assimilator  
  89  13:39  Assimilator  
  89  13:59  Nexus  
  89  14:00  Photon Cannon  
  89  14:01  Photon Cannon  
  89  14:04  Gravitic Drive, Photon Cannon  
  89  14:06  Photon Cannon  
  89  14:08  Photon Cannon  
  89  14:12  Photon Cannon  
  89  14:14  Photon Cannon  
  89  14:27  Colossus  
  89  14:31  Colossus  
  101  14:45  Dark Templar x2  
  103  14:46  Dark Templar  
  107  14:56  Protoss Ground Weapons Level 3 (Chrono Boost)  
  107  14:58  Protoss Ground Armor Level 1 (Chrono Boost)  
  107  15:01  Observer Gravitic Boosters  
  88  15:43  Zealot x4  
  88  15:44  Zealot x3  
  79  16:15  Zealot x4  
  79  16:16  Colossus x2, Zealot  
  79  16:18  Zealot x2  
  103  17:14  Gateway  
  101  17:16  Protoss Shields Level 2 (Chrono Boost)  
  101  17:17  Gateway  
  101  17:22  Gateway  
  101  17:23  Gateway  
  101  17:27  Gateway  
  101  17:34  Gateway  
  101  17:42  Gateway  
  101  17:45  Gateway  
  101  17:46  Gateway  
  101  17:50  Gateway  
  101  17:51  Pylon  
  101  17:54  Pylon  
  101  17:56  Pylon  
  101  18:02  Assimilator  
  101  18:06  Assimilator  
  101  18:11  Nexus  
  101  18:40  Stalker x4  
  109  18:41  Zealot x2  
  109  18:42  Zealot x6  
  109  18:43  Dark Templar  
  127  19:11  Dark Templar x5  
  127  19:12  Dark Templar x3  
  134  19:42  Zealot x4  
  134  19:43  Zealot x2  
  138  20:16  Protoss Ground Armor Level 2 (Chrono Boost)  
  138  20:18  Protoss Shields Level 3 (Chrono Boost)  
  138  20:28  Protoss Air Weapons Level 1  
  138  20:38  Colossus (Chrono Boost)  
  138  20:39  Colossus (Chrono Boost)  
  149  20:52  Stalker x2  
  149  20:53  Stalker  
  149  20:55  Sentry  
  155  21:32  Colossus (Chrono Boost)  
  167  21:33  Colossus (Chrono Boost)  
  167  21:45  Zealot x4  
  167  21:46  Zealot x4  
  153  22:19  Colossus x2 (Chrono Boost)  
  165  22:33  Stalker  
  165  22:34  Stalker x2, Zealot  
  165  22:35  Zealot x5  
  165  22:36  Zealot x5  
  193  22:52  Sentry x3  
  160  23:35  Stalker x5  
  160  23:36  Stalker x5  
  160  23:37  Stalker x2  
  172  23:45  Stalker  
  172  23:46  Stalker  
  172  23:57  Stalker  
  172  23:58  Stalker  
  176  24:07  Cybernetics Core  
  174  24:16  Stalker x2  
  170  24:30  Stalker x2  
  174  24:38  Probe x2  
  174  24:40  Probe x2  
  178  24:52  Probe x2  
  170  25:18  Probe x2  
  170  25:19  Probe x2  
  174  25:28  Probe x2  
  174  25:31  Probe x2  
  178  26:06  Nexus  
  178  26:11  Nexus  
Show
View Real Time Build Order
Export as new Build Order

Gracz Terran 

Build Orders:  

Get SALT Encoding   

  12  0:01  SCV  
  13  0:26  Supply Depot  
  13  0:39  Supply Depot  
  13  0:43  Refinery  
  13  0:45  SCV  
  14  0:57  SCV  
  15  1:09  SCV  
  15  1:10  Barracks  
  16  1:54  Barracks  
  14  3:05  SCV  
  15  3:09  Marine  
  15  3:10  Marine  
  17  3:13  Supply Depot  
  17  3:17  SCV  
  17  3:18  Barracks  
  18  3:27  Marine  
  18  3:28  Marine  
  18  3:29  SCV  
  21  3:40  Command Center  
  22  3:41  SCV  
  22  3:45  Marine x2  
  24  3:53  Factory, SCV  
  25  4:03  Marine x2  
  25  4:05  Barracks Tech Lab  
  27  4:17  Refinery, SCV  
  27  4:20  Marine  
  27  4:21  Marine  
  30  4:29  SCV  
  33  4:31  Marauder  
  33  4:42  SCV  
  34  4:50  Factory  
  34  4:51  Factory Tech Lab  
  34  4:54  SCV  
  34  4:55  Barracks Reactor x2  
  35  5:11  Orbital Command  
  35  5:16  Orbital Command  
  35  5:29  Barracks  
  35  5:36  Factory Tech Lab  
  35  5:50  Engineering Bay  
  35  5:55  Engineering Bay  
  35  6:03  SCV  
  36  6:08  SCV  
  37  6:15  SCV  
  38  6:27  SCV  
  38  6:30  SCV  
  40  6:34  Siege Tank x2  
  40  6:39  SCV  
  47  6:42  SCV  
  47  6:45  Armory  
  48  6:51  SCV  
  49  7:00  Missile Turret, Barracks Reactor  
  49  7:04  SCV  
  50  7:09  Terran Infantry Armor Level 1, Terran Infantry Weapons Level 1  
  50  7:12  Armory  
  50  7:34  Refinery  
  49  7:37  Refinery  
  45  8:27  Marine x4  
  45  8:28  Marine  
  50  8:37  Thor x2  
  62  8:46  Supply Depot  
  47  9:15  Marine x7  
  44  9:32  Marine  
  44  9:33  Marine x6  
  51  9:50  Marine  
  51  9:51  Marine x6  
  58  10:07  SCV  
  58  10:08  Marine  
  58  10:09  Marine x6  
  66  10:19  SCV  
  67  10:23  Starport  
  67  10:27  Marine, Starport  
  68  10:31  SCV  
  69  10:43  SCV  
  69  10:49  Supply Depot  
  70  11:10  Marine x6, SCV  
  74  11:28  Marine x3  
  75  11:44  Supply Depot  
  75  11:46  Starport Tech Lab x2  
  75  11:50  Starport  
  75  12:02  SCV  
  76  12:14  SCV  
  77  12:21  Armory  
  77  12:24  Armory  
  77  12:27  SCV  
  78  12:39  SCV  
  79  12:47  Viking  
  79  12:48  Viking  
  83  12:54  Starport Tech Lab  
  83  13:45  Marine  
  83  13:46  Marine x2  
  86  13:59  Supply Depot  
  86  14:08  Starport  
  86  14:15  Starport  
  86  14:20  Marine x5, Banshee  
  94  14:33  Supply Depot  
  94  14:49  Marine x2, Banshee x2  
  102  14:55  Marine x2, Thor  
  110  15:07  Starport Tech Lab  
  110  15:15  Starport Reactor  
  110  15:19  Combat Shields  
  110  15:22  Marine  
  110  15:23  Marine  
  110  15:25  Marine  
  110  15:26  Marine  
  110  15:27  Marine  
  110  15:28  Marine  
  110  15:30  Marine  
  110  15:33  Banshee  
  108  15:35  Banshee  
  108  15:40  Marine  
  110  15:50  Marine x2  
  110  15:52  Marine  
  110  15:57  Marine x2  
  110  15:58  Marine  
  110  15:59  Banshee  
  110  16:16  Marine x2, Medivac x2  
  116  16:23  Supply Depot  
  116  16:29  Supply Depot  
  116  16:33  Thor  
  116  16:34  Marine  
  123  16:42  Fusion Core  
  123  16:43  Marine x3  
  123  16:45  Marine x2, Thor  
  134  16:47  Marine  
  134  16:52  Marine  
  130  17:01  Marine x3  
  131  17:02  Marine x2  
  131  17:05  Marine  
  136  17:10  Marine  
  137  17:18  Marine  
  137  17:19  Marine x2  
  137  17:20  Marine x2  
  142  17:24  Terran Vehicle Weapons Level 1  
  142  17:25  Terran Vehicle And Ship Armor Level 1  
  142  17:28  Building Armor  
  142  17:36  Supply Depot  
  142  17:57  Marine x2  
  144  18:14  Supply Depot  
  144  18:17  Supply Depot  
  144  18:33  Command Center  
  144  18:36  Raven  
  144  18:40  Battlecruiser  
  152  18:57  Supply Depot  
  152  19:16  Refinery  
  152  19:17  Supply Depot  
  152  19:21  Supply Depot  
  158  19:31  Battlecruiser  
  143  19:50  Battlecruiser  
  149  20:07  Orbital Command  
  149  20:29  Medivac x2  
  153  21:01  Weapon Refit  
  153  21:05  Terran Ship Weapons Level 1  
  153  21:08  Terran Infantry Weapons Level 2  
  153  21:22  Refinery  
  153  21:24  SCV  
  154  21:36  SCV  
  155  21:45  Behemoth Reactor  
  153  22:35  Command Center  
  153  22:43  Orbital Command  
  153  22:47  Battlecruiser x3  
  15  25:23  Marine  
  15  25:24  Marine x6  
  22  25:31  Medivac x2  
  26  25:41  Marine  
  26  25:42  Marine x6  
  32  25:59  Marine  
  32  26:00  Marine x6  
  39  26:20  Marine  
  39  26:21  Marine x6  
  39  26:25  Medivac x2  
  37  26:38  Marine x4  
  37  26:39  Marine x2  
Tags
 
Add a new tag
Caveats
  • Supply blocks, unpowered buildings, or Contaminate may cause inaccurate times.
  • Supply counts are checked every 10 seconds.